 Dungeon Crawl Stone Soup version 0.29.1-15-g9cfb28693d (webtiles) character file.

Game seed: 4977516295496395407

513 coffeetime the Grasshopper (level 7, 0/56 HPs)
             Began as a Gnoll Warper on July 10, 2023.
             Was a Follower of the Shining One.
             Succumbed to a killer bee's poison
             ... on level 5 of the Dungeon.
             The game lasted 00:13:39 (4731 turns).

coffeetime the Grasshopper (Gnoll Warper)           Turns: 4731, Time: 00:13:39

Health: 0/56       AC:  4    Str: 12    XL:     7   Next: 20%
Magic:  0/15       EV: 14    Int: 12    God:    the Shining One [*.....]
Gold:   255        SH:  7    Dex: 18    Spells: 11/17 levels left

rFire   . . .      SeeInvis .   a - +1 whip (holy)
rCold   . . .      Faith    .   (no shield)
rNeg    . . .      Spirit   +   t - +0 leather armour
rPois   .          Reflect  .   (no helmet)
rElec   .          Harm     .   s - +0 cloak
rCorr   .          Rampage  .   (no gloves)
Will    .....                   (no boots)
Stlth   +.........              o - amulet of guardian spirit
HPRegen 0.18/turn               g - +6 ring of dexterity
MPRegen 0.14/turn               (no ring)

@: lethally poisoned (0 -> -6), divinely shielded, glowing
A: fangs 1, strong nose, distributed training
a: Renounce Religion, Divine Shield


You were on level 5 of the Dungeon.
You worshipped the Shining One.
The Shining One was aware of your devotion.
You visited 1 branch of the dungeon, and saw 5 of its levels.

You collected 255 gold pieces.

Inventory:

Hand Weapons
 a - a +1 whip of holy wrath (weapon)
 b - a +0 sling
 n - a +0 spear
Missiles
 d - 7 boomerangs of dispersal
 k - 52 stones
 m - 5 silver boomerangs
 u - 9 boomerangs (quivered)
 v - 6 datura-tipped darts
 x - 7 poisoned darts
 A - a throwing net
Armour
 s - a +0 cloak (worn)
 t - a +0 leather armour (worn)
 y - a +0 kite shield
Magical Staves
 p - a staff of cold
Jewellery
 g - a +6 ring of dexterity (left hand)
 o - an amulet of guardian spirit (around neck)
 z - a ring of ice
Wands
 C - a wand of flame (6)
Scrolls
 c - a scroll of blinking
 e - a scroll of brand weapon
 h - 3 scrolls of noise {unknown}
 i - a scroll of poison {unknown}
 l - 2 scrolls of fog {unknown}
 q - 5 scrolls of teleportation {unknown}
 w - 2 scrolls of amnesia {unknown}
 D - a scroll of identify
Potions
 f - 3 potions of attraction
 j - a potion of invisibility {unknown}
 r - a potion of mutation {unknown}
 B - a potion of magic {unknown}


   Skills:
 + Level 5.2 Fighting
 + Level 2.4 Short Blades
 + Level 2.4 Long Blades
 + Level 2.4 Axes
 + Level 2.4 Maces & Flails
 + Level 5.2 Polearms
 + Level 2.4 Staves
 + Level 2.4 Ranged Weapons
 + Level 3.6 Throwing
 + Level 3.6 Armour
 + Level 5.2 Dodging
 + Level 2.4 Stealth
 + Level 2.4 Shields
 + Level 2.4 Unarmed Combat
 + Level 5.6 Spellcasting
 + Level 2.0 Conjurations
 + Level 2.0 Hexes
 + Level 2.0 Summonings
 + Level 2.0 Necromancy
 + Level 5.8 Translocations
 + Level 2.0 Transmutations
 + Level 2.0 Fire Magic
 + Level 2.0 Ice Magic
 + Level 2.0 Air Magic
 + Level 2.0 Earth Magic
 + Level 2.0 Poison Magic
 + Level 2.7 Invocations
 + Level 2.4 Evocations


You had 11 spell levels left.
You knew the following spells:

 Your Spells              Type           Power      Damage    Failure   Level
a - Blink                 Tloc           34%        N/A       3%          2
b - Teleport Other        Tloc           17%        N/A       7%          3
c - Freeze                Ice            32%        1d5       11%         1

Your spell library contained the following spells:

 Spells                   Type           Power      Damage    Failure   Level
 Gell's Gravitas          Tloc           17%        N/A       7%          3
 Lesser Beckoning         Tloc           17%        N/A       7%          3
 Ensorcelled Hibernation  Hex/Ice        16%        N/A       16%         2
 Passwall                 Tmut/Erth      6%         N/A       16%         2
 Frozen Ramparts          Ice            16%        1d3       32%         3
 Ignite Poison            Fire/Tmut/Pois 8%         N/A       32%         3
 Mephitic Cloud           Conj/Pois/Air  8%         N/A       32%         3
 Swiftness                Air            8%         N/A       32%         3
 Manifold Assault         Tloc           17%        N/A       52%         5
 Hailstorm                Conj/Ice       8%         3d4       71%         4
 Freezing Cloud           Conj/Ice/Air   4%         6-21      96%         5


Dungeon Overview and Level Annotations

Branches:
Dungeon (5/15)
 Temple: D:4-7

Altars:
Vehumet
The Shining One


Innate Abilities, Weirdness & Mutations

You have very sharp teeth.
Your uncanny sense of smell can sniff out nearby items.
Your experience applies equally to all skills.


Message History

You feel sick. The killer bee barely misses you.
You block the killer bee's attack.
You hit the killer bee.
The killer bee is severely wounded.
You feel sick. The killer bee misses you.
The killer bee stings you but does no damage.
You closely miss the killer bee.
The killer bee is heavily wounded.
You feel sick. The killer bee barely misses you.
You block the killer bee's attack.
You hit the killer bee.
The killer bee is almost dead.
You feel sick. The killer bee stings you.
* * * LOW HITPOINT WARNING * * *
You are lethally poisoned!
The killer bee poisons you!
The killer bee stings you but does no damage.
You hit the killer bee.
The killer bee is almost dead.
* * * LOW HITPOINT WARNING * * *
You feel very sick. The killer bee closely misses you.
The killer bee barely misses you.
You hit the killer bee.
You kill the killer bee!
* * * LOW HITPOINT WARNING * * *
You feel sick. The killer bee stings you.
* * * LOW HITPOINT WARNING * * *
Your Conjurations skill increases to level 2!
Your Hexes skill increases to level 2!
Your Summonings skill increases to level 2!
Your Necromancy skill increases to level 2!
Your Transmutations skill increases to level 2!
Your Fire Magic skill increases to level 2!
Your Ice Magic skill increases to level 2!
Your Air Magic skill increases to level 2!
Your Earth Magic skill increases to level 2!
Your Poison Magic skill increases to level 2!
You hit the killer bee. You bite the killer bee.
The killer bee is moderately wounded.
You die...

# #........# #..###........ #
#.#......# #.# #<.#......... #
#.#......# #.# ##.......<...
#####.#......# ... #.......†...
#............###.#.####..........
#....#........##y#...............
...........##.##y# ####..........
.....##..####.##y# ##..........
#....##...###.##@# ##.........#.
#..........>.....# ##..#.....####
#....##..........# #..###...## #
#....##..........###.####...# #
.....##..........#...# #^...#####
..#####............#####..#...##.
..#########...#....###...####.##.
......# #......#.....#.## #..#.
†...#.#####.#.....#..#....# ##...


You could see 3 killer bees.

Vanquished Creatures
  An ice beast (D:5)
  2 killer bees (D:5)
  A howler monkey (D:4)
  3 hounds (D:5)
  An iguana (D:5)
  10 adders
  A white imp (D:5)
  2 worms
  A dart slug (D:1)
  6 orcs
  3 endoplasms
  5 giant cockroaches
  7 goblins
  4 hobgoblins
  3 quokkas
  7 ball pythons
  7 bats
  3 frilled lizards
  11 kobolds
  10 rats
88 creatures vanquished.

Vanquished Creatures (others)
  4 toadstools (D:1)
4 creatures vanquished.

Grand Total: 92 creatures vanquished

Notes
Turn   | Place    | Note
-------+----------+-------------------------------------------
     0 | D:1      | coffeetime the Gnoll Warper began the quest for the Orb.
     0 | D:1      | Reached XP level 1. HP: 20/20 MP: 6/6
   167 | D:1      | Reached XP level 2. HP: 23/26 MP: 7/7
   170 | D:1      | Learned a level 2 spell: Blink
   853 | D:2      | Found a faded altar of an unknown god.
   858 | D:2      | Reached skill level 5 in Spellcasting
   858 | D:2      | Reached XP level 3. HP: 31/31 MP: 7/9
   882 | D:2      | Prayed at the altar of an unknown god.
   882 | D:2      | Became a worshipper of the Shining One
   882 | D:2      | Reached * piety under the Shining One
   953 | D:2      | Reached skill level 1 in Invocations
  1103 | D:2      | Reached skill level 1 in Short Blades
  1103 | D:2      | Reached skill level 1 in Long Blades
  1103 | D:2      | Reached skill level 1 in Axes
  1103 | D:2      | Reached skill level 1 in Maces & Flails
  1103 | D:2      | Reached skill level 1 in Staves
  1103 | D:2      | Reached skill level 1 in Ranged Weapons
  1103 | D:2      | Reached skill level 1 in Stealth
  1103 | D:2      | Reached skill level 1 in Shields
  1103 | D:2      | Reached skill level 1 in Unarmed Combat
  1103 | D:2      | Reached skill level 1 in Evocations
  1434 | D:2      | Reached XP level 4. HP: 32/38 MP: 11/11
  1762 | D:3      | Reached skill level 1 in Conjurations
  1762 | D:3      | Reached skill level 1 in Hexes
  1762 | D:3      | Reached skill level 1 in Summonings
  1762 | D:3      | Reached skill level 1 in Necromancy
  1762 | D:3      | Reached skill level 1 in Transmutations
  1762 | D:3      | Reached skill level 1 in Fire Magic
  1762 | D:3      | Reached skill level 1 in Ice Magic
  1762 | D:3      | Reached skill level 1 in Air Magic
  1762 | D:3      | Reached skill level 1 in Earth Magic
  1762 | D:3      | Reached skill level 1 in Poison Magic
  1870 | D:3      | Found a radiant altar of Vehumet.
  2347 | D:4      | Learned a level 3 spell: Teleport Other
  2574 | D:4      | Reached XP level 5. HP: 42/43 MP: 12/12
  3563 | D:5      | Entered Level 5 of the Dungeon
  3808 | D:5      | Noticed a water moccasin
  3905 | D:4      | Learned a level 1 spell: Freeze
  4112 | D:5      | Reached XP level 6. HP: 17/50 MP: 9/14
  4357 | D:5      | Reached skill level 5 in Fighting
  4357 | D:5      | Reached skill level 5 in Polearms
  4357 | D:5      | Reached skill level 5 in Dodging
  4522 | D:5      | Noticed an ice beast
  4544 | D:5      | Killed an ice beast
  4721 | D:5      | Reached XP level 7. HP: 29/56 MP: 6/15
  4730 | D:5      | HP: 1/56 [killer bee (3)]
  4731 | D:5      | Succumbed to a killer bee's poison

Illustrated notes

Levels and vault maps discovered:
D:1:      ldierk_walled_garden_2, layout_basic, chequers_serial_rivers_room_a
D:2:      layout_rooms, ebering_ecumenical_altar_mist,
          nicolae_figureground_pulse
D:3:      layout_rooms, mainiacjoe_overflow_surrounded_room, eino_curves_01,
          nrook_mini_backslash
D:4:      layout_layer_cave
D:5:      layout_rooms

Skill      XL: |  1  2  3  4  5  6  7 |
---------------+----------------------+-----
Spellcasting   | 5 |  5.6
Invocations    | 1 2 |  2.7
Short Blades   | 1 2 |  2.4
Long Blades    | 1 2 |  2.4
Axes           | 1 2 |  2.4
Maces & Flails | 1 2 |  2.4
Staves         | 1 2 |  2.4
Ranged Weapons | 1 2 |  2.4
Stealth        | 1 2 |  2.4
Shields        | 1 2 |  2.4
Unarmed Combat | 1 2 |  2.4
Evocations     | 1 2 |  2.4
Conjurations   | 1 2 |  2.0
Hexes          | 1 2 |  2.0
Summonings     | 1 2 |  2.0
Necromancy     | 1 2 |  2.0
Transmutations | 1 2 |  2.0
Fire Magic     | 1 2 |  2.0
Ice Magic      | 1 2 |  2.0
Air Magic      | 1 2 |  2.0
Earth Magic    | 1 2 |  2.0
Poison Magic   | 1 2 |  2.0
Throwing       | 3 |  3.6
Armour         | 3 |  3.6
Fighting       | 5 |  5.2
Polearms       | 5 |  5.2
Dodging        | 5 |  5.2
Translocations | |  5.8

Action                   |  1- 3 |  4- 6 |  7- 9 || total
-------------------------+-------+-------+-------++-------
Melee: Spear             |    64 |       |       ||    64
       Bite              |    13 |    16 |     3 ||    32
       Whip              |    59 |   162 |    11 ||   232
       Punch             |     1 |     5 |       ||     6
 Fire: Sling             |       |    61 |       ||    61
Throw: Boomerang         |       |     8 |       ||     8
 Cast: Freeze            |       |     2 |       ||     2
Invok: Divine Shield     |     2 |     5 |       ||     7
  Use: Scroll            |     2 |     2 |       ||     4
       Potion            |     1 |       |       ||     1
 Stab: Sleeping          |     4 |       |       ||     4
Armor: Leather armour    |    28 |    30 |     3 ||    61
Dodge: Dodged            |    68 |   122 |     7 ||   197
Block: Other             |     9 |    16 |     3 ||    28
